[Event "Bangabandhu Premier Div League 2022"]
[Site "Dhaka"]
[Date "2022.12.04"]
[Round "5.8"]
[White "Mohammad Nubairshah Shaikh"]
[Black "Jannatul, Ferdous"]
[Result "1-0"]
[ECO "E01"]
[WhiteElo "2439"]
[BlackElo "1861"]
[Annotator "TA"]
[PlyCount "57"]
[EventDate "2022.12.01"]
[EventCountry "BAN"]
[SourceTitle "playchess.com"]
[Source "ChessBase"]
[SourceQuality "1"]
[TimeControl "40/5400+30:1800+30"]

1. c4 e6 2. Nf3 Nf6 3. g3 d5 4. Bg2 c6 5. b3 Bd6 6. Bb2 O-O 7. O-O Nbd7 8. d4 Re8 9. Nbd2 b6 {[%emt 1:26:54] E01: Catalan: Early deviations.} 10. Qc2 Bb7 11. e4 dxe4 {[%emt 0:00:00] White has an edge.} 12. Ng5 Qc7 {[%emt 0:00:00] [#]} 13. Rad1 $146 ({Predecessor:} 13. Ndxe4 Nxe4 14. Nxe4 Be7 15. Rad1 Rad8 16. Rfe1 Nf6 17. Nc3 Rd7 18. Rd2 Red8 19. Red1 {1-0 (48) Calens,D (2039)-Remolcoy,L (1968) Vicente Lopez 2016}) 13... Rad8 (13... Be7 {simplifies} 14. Ngxe4 c5 15. Nxf6+ Nxf6 16. Bxb7 Qxb7 17. dxc5 bxc5 18. Bc3 Qc6) 14. Ndxe4 (14. Ngxe4 {simplifies} Nxe4 15. Nxe4 Be7 16. Rfe1) 14... Be7 {[%emt 0:02:00] [#] Prevents d5.} (14... Nxe4 $11 15. Nxe4 (15. Bxe4 f5 $14) (15. Qxe4 Nf6 $11) 15... Be7) 15. Nxf7 $1 $16 Kxf7 16. Ng5+ {[%emt 0:00:00][%mdl 64] Discovered Attack, Deflection, Double Attack} Kg8 {[%emt 0:00:00] Threatens to win with ...Nf8.} 17. Nxe6 Qd6 18. Nxd8 {[%emt 0:00:00] White has more active pieces.} Bxd8 19. Rfe1 Rf8 (19... Nf8 $16) 20. Re2 (20. Bh3 $18) 20... Ng4 (20... Rf7 $16 {is a better defense.} 21. Rde1 Nf8) 21. Rde1 Ndf6 $2 (21... Qh6 $2 22. h3 Ngf6 23. Ba3 $18) (21... Ngf6 {might work better.} 22. Re6 Qc7) 22. Re6 $18 Qd7 23. h3 {[%emt 0:01:00] Prevents c5.} Nh6 24. Bc1 (24. Ba3 $142) 24... Nf7 25. Ba3 {[%emt 0:01:00] Prevents c5.} Re8 $2 {[%emt 0:00:00] Prevents h4.} (25... Ng5 26. R6e5 Nxh3+ 27. Bxh3 Qxh3 28. Bxf8 Kxf8) 26. Rxe8+ {[%emt 0:00:00] White is clearly winning.} Nxe8 {[%emt 0:00:00] [#]} 27. Qf5 $3 Bc8 {[%emt 0:00:00] [#]} 28. Bxc6 $3 Qxc6 {[%emt 0:00:52] [#]} 29. Qxc8 $3 {[%emt 0:00:00][%mdl 576] Black got outplayed after the opening.   Weighted Error Value: White=0.17 (very precise) /Black=0.44} 1-0

[Event "Bangabandhu Premier Div League 2022"]
[Site "Dhaka"]
[Date "2022.12.04"]
[Round "5.9"]
[White "Abu Sufian, Shakil"]
[Black "Mohammed Abdul, Malek"]
[Result "1-0"]
[ECO "B00"]
[WhiteElo "2229"]
[BlackElo "2152"]
[Annotator "TA"]
[PlyCount "91"]
[EventDate "2022.11.30"]
[EventType "team-tourn"]
[EventCountry "BAN"]
[SourceTitle "playchess.com"]
[Source "ChessBase"]
[SourceQuality "1"]
[TimeControl "40/5400+30:1800+30"]

1. e4 b6 2. d4 Bb7 3. Bd3 e6 4. Nf3 d5 5. e5 c5 6. c3 {[%emt 0:00:34][%cal Bc2c3,Bc3d4][%mdl 32] B00: Queen's Fianchetto Defence, Nimzowitsch Defence.} cxd4 (6... Ne7 $11) 7. cxd4 $16 Ne7 {[%emt 0:00:22] [#]} 8. O-O $146 {[%emt 0:00:50] White is more active. White is better.} ({Predecessor:} 8. Ng5 g6 9. Qf3 Nf5 10. g4 Nh6 11. h4 Nc6 12. Be3 Qe7 13. Nc3 O-O-O 14. Nb5 {1-0 (36) Labena Bernal,A (2003)-Garcia Paolicchi,R (2233) Pamplona 2006}) 8... Nec6 9. a3 Nd7 10. Nc3 a6 11. Be3 Be7 {[%emt 0:04:24] Prevents Ng5.} 12. Ne2 Na5 13. Nd2 Rc8 14. b3 {[%emt 0:00:55] Inhibits Nc4.} O-O 15. f4 f6 16. Nf3 (16. f5 {keeps more tension.} exf5 17. e6 Ne5 18. Bxf5 Ng6 19. Qb1) 16... fxe5 (16... b5 $142) 17. fxe5 {[%emt 0:00:31] Threatens to win with Nf4.} Rf7 18. Nf4 Nf8 19. Bd2 b5 20. h4 Qb6 21. g3 Nc6 22. Be3 b4 23. a4 Na5 24. Rb1 Rc3 25. Ne2 ({White should try} 25. Bd2 $18) 25... Rc8 26. Ng5 Bxg5 27. Bxg5 {[%emt 0:00:18] Strongly threatening Rxf7.} Rxf1+ 28. Qxf1 {[%emt 0:00:40] aiming for Be7.} Nd7 29. Qf2 {[%emt 0:01:06] And now Be7 would win.} Rf8 {[%emt 0:04:59] [#]} 30. Qe3 Rf7 {[%emt 0:01:30] Against Be7} 31. Bf4 Nf8 32. h5 Bc6 (32... Nc6 $16) 33. Kh2 Be8 34. g4 (34. h6 $18) 34... Nc6 ({Black should play} 34... Nxb3 35. Rxb3 Bxa4) 35. Rc1 Rc7 36. Bg5 Nd7 (36... h6 $16) 37. Bb1 Bf7 (37... h6 $16 {might work better.}) 38. Kg3 ({Don't play} 38. Qd3 $6 Nf8 39. Qc2 Rc8) 38... Nf8 39. Qd3 g6 $2 {[%emt 0:00:45] This costs Black the game.} (39... h6 $16) 40. h6 (40. Qd2 $142) 40... Nd7 $18 41. Qe3 a5 $2 (41... Rc8 42. Qf2 Rf8) 42. Bd3 Nf8 (42... Qb8 $142 43. Bb5 Qc8) 43. Bb5 {[%emt 0:00:00] [#] Hoping for Bxc6.} Nd7 (43... Qb7 $142 44. Qf4 Be8) 44. Qf4 {[%emt 0:00:00] Intending Bxc6 and mate.} Rc8 45. Bxc6 Rxc6 46. Rf1 {[%emt 0:00:00] Weighted Error Value: White=0.19 (very precise) /Black=0.45} 1-0

[Event "Bangabandhu Premier Div League 2022"]
[Site "Dhaka"]
[Date "2022.12.04"]
[Round "5.10"]
[White "Muthaiah AL"]
[Black "Ghosh, Diptayan"]
[Result "1/2-1/2"]
[ECO "D02"]
[WhiteElo "2454"]
[BlackElo "2544"]
[Annotator "TA"]
[PlyCount "60"]
[EventDate "2022.11.30"]
[EventType "team-tourn"]
[EventCountry "BAN"]
[SourceTitle "playchess.com"]
[Source "ChessBase"]
[SourceQuality "1"]
[TimeControl "40/5400+30:1800+30"]

1. d4 Nf6 2. Bf4 d5 3. e3 c5 4. Nf3 Nc6 5. Nbd2 Bg4 {[%emt 0:00:15] The position is equal.} 6. h3 {[%emt 0:01:16] D02: 1 d4 d5 2 Nf3 sidelines, including 2...Nf6 3 g3 and 2...Nf6 3 Bf4.} Bxf3 7. Nxf3 e6 8. Be2 Bd6 9. dxc5 Bxf4 10. exf4 Qa5+ 11. c3 Qxc5 12. O-O O-O 13. Bd3 {[%emt 0:03:48] [#]} g6 $146 ({Predecessor:} 13... Qd6 14. g3 Rfe8 15. Re1 e5 16. fxe5 Nxe5 17. Nxe5 Rxe5 18. Rxe5 Qxe5 19. Qf3 Re8 {½-½ (44) Aronian,L (2781)-Firouzja,A (2759) chess24.com INT 2021}) 14. g3 Rfe8 15. Kg2 e5 16. fxe5 (16. Nxe5 {simplifies} Nxe5 17. fxe5 Rxe5 18. Qb3) 16... Nxe5 17. Re1 Nxf3 18. Qxf3 Kg7 (18... Qb6 {simplifies} 19. Re2 Rxe2 20. Qxe2 Re8) 19. Qf4 Qb6 20. Qd4 (20. Qb4 {looks sharper.} Re6 21. Rac1 Rae8 22. Red1) 20... Qxd4 21. cxd4 Kf8 22. Rxe8+ Nxe8 $11 {[%emt 0:01:17][%mdl 4096] Endgame KRB-KRN} 23. Re1 Nc7 24. Re5 Rd8 25. Be2 Rd6 26. Bf3 Rb6 27. Re2 (27. Bxd5 $2 {perishes.} f6 28. Re2 Nxd5 $19) 27... Rc6 28. h4 Rc4 29. Rd2 Ke7 30. Be2 Rc1 {[%emt 0:00:08] An even fight not without its subleties.   Weighted Error Value: White=0.03 (flawless) /Black=0.03 (flawless)} 1/2-1/2

[Event "Bangabandhu Premier Div League 2022"]
[Site "Dhaka"]
[Date "2022.12.04"]
[Round "5.11"]
[White "Mitrabha, Guha"]
[Black "Parveen, Tanima"]
[Result "1-0"]
[ECO "E01"]
[WhiteElo "2474"]
[BlackElo "1967"]
[Annotator "TA"]
[PlyCount "43"]
[EventDate "2022.11.30"]
[EventType "team-tourn"]
[EventCountry "BAN"]
[SourceTitle "playchess.com"]
[Source "ChessBase"]
[SourceQuality "1"]
[TimeControl "40/5400+30:1800+30"]

1. d4 d5 2. c4 e6 3. Nf3 Nf6 4. g3 c6 5. Bg2 Bd6 6. O-O Nbd7 7. Nc3 O-O 8. Nd2 Bc7 9. e4 {[%emt 0:00:27] E01: Catalan: Early deviations.} dxe4 10. Ndxe4 Nxe4 11. Nxe4 {[%emt 0:00:02] White is slightly better.} h6 12. f4 Nf6 13. Nc3 {[%emt 0:00:23] [#] White is more active.} Qd7 $146 ({Predecessor:} 13... Bb6 14. c5 Bc7 15. Kh1 Nd5 16. Nxd5 exd5 17. f5 Qf6 18. Bf4 Bxf4 19. Rxf4 Re8 {0-1 (48) Hillarp Persson,T (2557)-Houska,J (2401) Guernsey 2013}) 14. Be3 Rb8 15. g4 e5 {[%emt 0:00:00] Black cannot hold the game after this.} (15... Qd6 $14) 16. dxe5 {[%emt 0:01:08] White is clearly better.} Nxg4 {[%emt 0:00:00] [#]} 17. Qxd7 $1 Bxd7 18. Bxa7 {[%emt 0:00:04] Hoping for h3.} Ra8 19. Bc5 {[%emt 0:00:30] Strongly threatening h3.} Rfe8 20. h3 Ra5 21. b4 Ra3 22. Nb1 {[%emt 0:02:57] Weighted Error Value: White=0.05 (flawless) /Black=0.30} 1-0

[Event "Bangabandhu Premier Div League 2022"]
[Site "Dhaka"]
[Date "2022.12.04"]
[Round "5.12"]
[White "Harikrishnan.A.Ra"]
[Black "Chatterjee, Debaraj"]
[Result "1-0"]
[ECO "A48"]
[WhiteElo "2409"]
[BlackElo "2196"]
[Annotator "TA"]
[PlyCount "81"]
[EventDate "2022.11.30"]
[EventType "team-tourn"]
[EventCountry "BAN"]
[SourceTitle "playchess.com"]
[Source "ChessBase"]
[SourceQuality "1"]
[TimeControl "40/5400+30:1800+30"]

1. d4 Nf6 2. Nf3 g6 3. Bf4 Bg7 4. e3 O-O 5. Be2 d6 6. h3 Nc6 7. Bh2 Nd7 8. O-O e5 9. c4 f5 {[%emt 0:08:14] A48: 1 d4 Nf6 2 Nf3 g6: Torre, London and Colle Systems.} 10. Nc3 g5 11. d5 {[%emt 0:03:40] Against g4} Ncb8 {[%emt 0:02:46] White has an edge.} 12. Nd2 {[%emt 0:04:33] [#]} f4 $146 ({Black should try} 12... a5 $11) ({Predecessor:} 12... Nf6 13. c5 Rf7 14. Nc4 Bf8 15. f3 h5 16. Qc2 Na6 17. cxd6 cxd6 18. a3 h4 {1-0 (46) Poluektov,Y (2346)-Martiyan,A (2157) Alushta 2008}) 13. Nde4 h6 14. b4 Nf6 15. c5 Nxe4 16. Nxe4 Bf5 {[%emt 0:00:12] Inhibits Bg4.} 17. Bd3 a5 18. b5 Bxe4 19. Bxe4 {[%emt 0:00:49] And now c6 would win.} Nd7 $1 20. c6 Nc5 21. cxb7 Rb8 22. Qc2 (22. Bg6 {looks sharper.} a4 23. Rb1 Rxb7 24. Qh5) 22... Rxb7 {[%emt 0:01:39] [#]} (22... a4 $1 $11) 23. a4 $1 $16 {[%emt 0:00:28] Black is on the road to losing.} Qd7 24. Ra3 Rbb8 25. Rc3 Rf6 26. Bf3 Bf8 27. Bg4 Qg7 28. e4 Qg6 29. Bf5 Qe8 (29... Qg7 {keeps fighting.} 30. f3 Be7) 30. Rc4 Ra8 31. Rb1 Qb8 (31... Rxf5 $142 32. exf5 e4) 32. Kh1 Qb6 33. f3 Be7 34. Bg1 Bf8 35. Rd1 Kg7 36. Bg4 Rd8 37. Qc3 Re8 (37... Kh8 {might work better.} 38. Bh5 Be7 39. Bxc5 dxc5 40. Qxe5 Bf8) 38. Bh5 $18 {[%emt 0:00:00] White is clearly winning.} Rg6 39. Rc1 Kf6 40. Bxc5 dxc5 41. Rxc5 {[%emt 0:26:28] Weighted Error Value: White=0.14 (very precise) /Black=0.34} 1-0

[Event "Bangabandhu Premier Div League 2022"]
[Site "Dhaka"]
[Date "2022.12.05"]
[Round "6.1"]
[White "Rahman, Ziaur"]
[Black "Murshed, Niaz"]
[Result "1-0"]
[ECO "A30"]
[WhiteElo "2464"]
[BlackElo "2419"]
[Annotator "TA"]
[PlyCount "67"]
[EventDate "2022.12.01"]
[EventCountry "BAN"]
[SourceTitle "playchess.com"]
[Source "ChessBase"]
[SourceQuality "1"]
[TimeControl "40/5400+30:1800+30"]

1. Nf3 Nf6 2. g3 b6 3. Bg2 Bb7 4. O-O g6 5. c4 Bg7 6. d4 O-O 7. d5 d6 8. Nc3 c5 9. Bf4 Na6 {[%emt 0:00:30] A30: Symmetrical English: Double Fianchetto and Hedgehog.} 10. e4 {[%emt 0:01:00] White is more active.} Nc7 11. Re1 {[%emt 0:00:00] [#]} Nh5 $146 {[%emt 0:01:00] White is better.} ({Predecessor:} 11... h6 12. e5 Nfe8 13. Qd3 Bc8 14. e6 fxe6 15. Qxg6 e5 16. Be3 Qd7 17. Nh4 Qg4 {1-0 (36) Novkovic,M (2380)-Biro,S (2340) Austria 1997}) 12. Bg5 h6 13. Be3 Qd7 14. Qd2 Kh7 15. Rad1 Rad8 16. Nh4 Ba6 17. Qe2 Nf6 18. a4 e5 19. dxe6 (19. Ra1 {simplifies} Ra8 20. Reb1 Rfb8 21. Nf3) 19... Qxe6 20. Nb5 Bxb5 21. axb5 a6 22. bxa6 Nxa6 23. Bd2 Nd7 24. Bc3 Nc7 ({Black should try} 24... Nb4) 25. Bxg7 (25. f4 $142 $1) 25... Kxg7 $16 26. f4 {[%emt 0:01:00][%cal Ob2b4] Against Ne5} Rfe8 (26... Qf6 $14 {might be stronger.}) 27. Qd3 (27. e5 {seems wilder.} dxe5 28. f5 Qf6 29. fxg6 fxg6 30. Rf1) 27... Nf6 28. Ra1 {[%emt 0:00:30] Prevents b5.} b5 29. b3 bxc4 30. bxc4 Ra8 $2 {[%emt 0:01:00] This costs Black the game.} ({Better is} 30... Qe7 $14) 31. Rxa8 $18 Nxa8 {[%emt 0:00:30] [#]} 32. f5 $1 Qe5 {[%emt 0:00:30] [#]} 33. Nf3 {[%emt 0:00:30] Prevents g5.} Qb2 (33... Qe7 {is a better defense.} 34. fxg6 Ng4 35. gxf7 Rf8) 34. fxg6 {[%emt 0:00:00] Weighted Error Value: White=0.09 (flawless) /Black=0.34} ({Weaker is} 34. Qxd6 Rxe4 35. fxg6 (35. Qxc5 Rxe1+ 36. Nxe1 gxf5 $16) 35... Rxe1+ 36. Nxe1 Kxg6 $16) 1-0

[Event "Bangabandhu Premier Div League 2022"]
[Site "Dhaka"]
[Date "2022.12.05"]
[Round "6.1"]
[White "abzid, Rahman"]
[Black "Mohammad, Shameem"]
[Result "1/2-1/2"]
[ECO "D94"]
[WhiteElo "2043"]
[BlackElo "1892"]
[Annotator "TA"]
[PlyCount "68"]
[EventDate "2022.11.30"]
[EventType "team-tourn"]
[EventCountry "BAN"]
[SourceTitle "playchess.com"]
[Source "ChessBase"]
[SourceQuality "1"]
[TimeControl "40/5400+30:1800+30"]

1. d4 Nf6 2. c4 g6 3. Nc3 d5 4. Nf3 Bg7 5. e3 O-O 6. Be2 c5 7. O-O cxd4 8. exd4 Nc6 9. c5 Ne4 10. Be3 Bg4 11. Rc1 e6 {[%emt 0:07:01] [#] D94: Grünfeld: 4 Nf3 Bg7 5 e3.} 12. Ne1 $146 ({Predecessor:} 12. Nd2 Nxc3 13. bxc3 Bxe2 14. Qxe2 Qa5 15. Nb3 Qa4 16. Rb1 b6 17. Bf4 Qc4 18. Qxc4 dxc4 19. Nd2 {½-½ (26) Inkiov,V (2460)-Song,J (2398) Creon 2012}) 12... Nxc3 13. bxc3 Bxe2 {[%emt 0:00:04] Black is slightly better.} 14. Qxe2 Na5 15. Rb1 b6 16. Nd3 Nc4 17. Bf4 Qd7 18. Rfe1 Rfc8 19. h4 h5 (19... Bf8 $5 ) 20. Qf3 bxc5 (20... Re8 {simplifies} 21. Re2 Rac8 22. Rbe1 bxc5 23. Nxc5 Qd8) 21. Nxc5 Rxc5 22. dxc5 $14 Qc6 23. g4 (23. Rb3 $14) 23... hxg4 (23... e5 $1 $11) 24. Qxg4 e5 {[%emt 0:01:18] Against h5} 25. Bg3 (25. Be3 $16) 25... f5 {[%emt 0:01:02] Inhibits h5.} (25... Nd2 $1 $14) 26. Qg5 $1 $18 f4 {[%emt 0:01:10] [#]} (26... Rc8 {was called for.} 27. Red1 f4) 27. Bxf4 $1 exf4 {[%emt 0:00:19] [#]} 28. Re7 $1 Nd2 $2 {[%emt 0:01:39] [#]} (28... Qxc5 {leads to mate.} 29. Rbb7 Qd6 30. Rxg7+ Kf8 31. Qh6 Ke8 32. Rg8+) (28... Bf8 29. Rbb7 Nd2 30. Qxf4 Bxe7 31. Rxe7 Rf8 32. Qxd2 Qxc5) 29. Rxg7+ $1 {[%emt 0:04:03][%mdl 576] Clearance} Kxg7 30. Qe7+ Kh6 31. Qg5+ Kh7 32. Qe7+ Kh6 $1 (32... Kg8 $2 33. Rb7 $18) 33. Rb7 Nf3+ 34. Kg2 Kh5 {[%emt 0:01:22][%mdl 32768] Weighted Error Value: White=0.40/Black=0.29 (precise) . An unexpected result.} 1/2-1/2

[Event "Bangabandhu Premier Div League 2022"]
[Site "Dhaka"]
[Date "2022.12.05"]
[Round "6.2"]
[White "Pantsulaia, Levan"]
[Black "Chanda, Sandipan"]
[Result "1/2-1/2"]
[ECO "A80"]
[WhiteElo "2597"]
[BlackElo "2474"]
[Annotator "TA"]
[PlyCount "133"]
[EventDate "2022.12.01"]
[EventCountry "BAN"]
[SourceTitle "playchess.com"]
[Source "ChessBase"]
[SourceQuality "1"]
[TimeControl "40/5400+30:1800+30"]

1. Nf3 f5 2. b3 d6 3. d4 g6 4. Bb2 Bg7 5. g3 Nh6 6. Bg2 {[%emt 0:00:28] A80: Dutch Defence: Unusual White second moves.} O-O {[%emt 0:00:25][%cal Oe7e5] [#]} 7. Qc1 $146 ({Predecessor:} 7. O-O Nf7 8. Nbd2 e5 9. e4 f4 10. Nc4 Nc6 11. dxe5 Nfxe5 12. Nfxe5 Nxe5 13. Nxe5 dxe5 14. Qxd8 Rxd8 {0-1 (73) Ovchinnikov,V (2426)-Stremavicius,T (2515) Chess.com INT 2022}) 7... c6 8. c4 {[%emt 1:25:45] White is slightly better.} d5 9. Ne5 Be6 10. Nd2 dxc4 11. bxc4 Nd7 12. Nd3 Bf7 13. O-O Rc8 14. a4 Qc7 15. Nf3 Ng4 16. h3 Ngf6 17. Nd2 (17. Ng5 {is more complex.} Bh6 18. h4 Ne4 19. a5) 17... Rfd8 18. a5 Ne8 19. a6 b6 20. c5 (20. Re1 {simplifies} e5 21. dxe5 Nxe5 22. Bxe5 Bxe5 23. Nxe5 Qxe5 24. e4) 20... bxc5 $1 21. dxc5 (21. Nxc5 Nxc5 22. Qxc5 e5 $11) 21... e5 22. Bc3 {[%emt 0:00:00] And now Ba5 would win. White is more active.} e4 (22... Nb8 $14) 23. Ba5 $16 Qb8 24. Rb1 $36 {[%emt 0:00:00][%mdl 2048] Black is under strong pressure.} Qa8 25. Bxd8 Rxd8 (25... exd3 $2 26. Be7 $18) 26. Nb4 Nc7 27. Nc4 Nb5 {[%emt 0:00:00] Strongly threatening ...Nc3.} 28. Na5 $1 Nc3 29. Rb2 Nxc5 30. Nbxc6 (30. Rc2 N5a4 $14) 30... Nb3 31. Qg5 (31. Nxb3 Qxc6 32. Kh2 Qb6 $17) 31... Re8 32. Nb7 (32. Rxb3 $6 Bxb3 33. Ne7+ Kf8 34. Nxf5 Nxe2+ 35. Kh2 gxf5 $11) 32... Bc4 {[%emt 0:02:05] [#]} (32... h6 $16 {might work better.} 33. Qe3 Re6) 33. Ne7+ $1 $18 Kf8 34. Nd6 Nxe2+ {[%emt 0:01:04] [#]} 35. Rxe2 $1 Bxe2 36. Nxg6+ {[%emt 0:02:08][%mdl 64] Demolition} hxg6 37. Qxg6 Re7 {[%emt 0:00:22] [#] Against Qf7+} 38. Nxf5 {[%emt 0:02:44] Dancing on a razor blade.} (38. Qxf5+ $6 Kg8 39. Rb1 (39. Bxe4 Rxe4 40. Qf7+ Kh8 $11) 39... Nd4 $14) (38. Re1 $1 $18 Qc6 39. Qxf5+ (39. Rxe2 Nd4 $14) 39... Kg8 40. Qg6 (40. Nxe4 Nd4 $15) (40. Bxe4 Qxd6 41. Bd5+ Kh8 $11) (40. Rxe2 $2 Nd4 $19)) 38... Bxf1 $11 (38... Rd7 $2 39. Re1 Qe8 40. Qxe8+ Kxe8 41. Nxg7+ Rxg7 42. Rxe2 $18) (38... Qe8 {is interesting.} 39. Nxe7 Bxf1 40. Qf5+ Kxe7 41. Qxe4+ Kf8) 39. Bxf1 (39. Nxe7 {with more complications.} Qe8 40. Qf5+ Kxe7 41. Qxe4+ Kf8 42. Qf3+) 39... Qe8 (39... Qd8 $11) 40. Nxe7 ({White should try} 40. Qd6 $1 $14 Be5 41. Qh6+ (41. Qb4 Nd4 $11) 41... Bg7 42. Qe3) 40... Qxe7 {[%emt 0:00:13] The position is equal.} 41. Qf5+ Bf6 42. Qc8+ Kg7 43. Qg4+ ({Much worse is} 43. Bc4 Nd4 44. Kg2 Kh6 $17) 43... Kh6 (43... Bg5 $2 44. h4 $18) 44. Qf4+ Bg5 45. Qb8 Nd2 46. Be2 {[%emt 0:00:00] Threatens to win with h4.} Kh7 47. h4 Bf6 48. Qf4 Qd8 49. Qf5+ Kh8 50. Qg6 Qd4 51. Bg4 Qa1+ $1 52. Kh2 {[%emt 0:00:00] Intending Qh6+ and mate.} Nf3+ 53. Bxf3 exf3 54. Qe8+ Kg7 55. Qd7+ Kg6 56. Qd3+ Kf7 57. Qd5+ ({Much weaker is} 57. Qxf3 Qxa6 58. Qh5+ Kg7 $17) 57... Kg7 58. Qb7+ Kg6 59. h5+ {[%emt 0:01:33][%mdl 64] Decoy} Kxh5 {[%emt 0:01:23] White must now prevent ...Kg5.} 60. Qxf3+ Kg6 (60... Kh6 $5 61. Qe3+ Kg6 62. Qxa7 Bd4 $11) 61. Qe4+ Kh6 62. Qe3+ Kg6 63. Qxa7 {[%emt 0:00:13] Hoping for Qb6.} Bd4 {[%emt 0:00:32] Prevents Qb6+.} 64. Qd7 Bxf2 65. Qg4+ Kf7 66. Qh5+ Kg7 {[%emt 0:00:43] ( -> ...Qg1+)} 67. Qg4+ {[%emt 0:00:21] White really could win this.   Weighted Error Value: White=0.11 (very precise) /Black=0.11 (very precise)} 1/2-1/2

[Event "Bangabandhu Premier Div League 2022"]
[Site "Dhaka"]
[Date "2022.12.05"]
[Round "6.2"]
[White "Habibur Rahman, Sohel"]
[Black "Aradhya, Garg"]
[Result "0-1"]
[ECO "B10"]
[WhiteElo "1871"]
[BlackElo "2289"]
[Annotator "TA"]
[PlyCount "42"]
[EventDate "2022.11.30"]
[EventType "team-tourn"]
[EventCountry "BAN"]
[SourceTitle "playchess.com"]
[Source "ChessBase"]
[SourceQuality "1"]
[TimeControl "40/5400+30:1800+30"]

1. e4 c6 2. Bc4 d5 3. exd5 cxd5 4. Bb3 Nc6 5. a3 e5 6. d3 {[%emt 0:00:52] B10: Caro-Kann: 2 d3 and 2 c4.} Nf6 7. h3 {[%emt 0:02:20] [#] Against Bg4} Bc5 $146 ({Predecessor:} 7... h6 8. Nc3 Bc5 9. Nf3 O-O 10. O-O Re8 11. Na4 Bd6 12. Ba2 Be6 13. b4 b6 {0-1 (37) Kirzhaev,A-Melnik,G (1936) Nalchik 2016}) 8. Ne2 {[%emt 0:02:07] Black is slightly better.} Be6 9. O-O Qd7 10. Kh2 h6 $36 {[%emt 0:02:11][%mdl 2048] Black has strong initiative.} 11. f4 exf4 {[%emt 0:03:24] Black has more active pieces. The white rooks are badly placed.} 12. Bxf4 g5 {[%emt 0:13:46] Prevents d4.} 13. d4 Be7 (13... Bb6 {simplifies} 14. Bg3 Ne4 15. Nbc3 Nxg3 16. Nxg3 Bc7) 14. Be5 Nxe5 15. dxe5 Qc7 16. Qd4 {[%emt 0:00:59] [#]} (16. g3 $17 Qxe5 17. Nbc3) 16... Bc5 $19 17. Qc3 ({Much weaker is} 17. Ba4+ Kf8 18. Qd3 Qxe5+ 19. g3 h5) (17. Qd3 $142 Qxe5+ 18. g3) 17... Ne4 {[%emt 0:02:23] Black is clearly winning.} 18. Ba4+ (18. Qd3 $142 Qxe5+ 19. Kh1) 18... Kf8 19. Qf3 Qxe5+ 20. g3 h5 {[%emt 0:00:40] Threatens to win with ...h4.} ({Inferior is} 20... Qxb2 21. Nbc3 Nd2 22. Qf6 $17) 21. Kg2 {[%emt 0:09:11] [#]} Bxh3+ $1 {[%emt 0:00:28][%mdl 512] Black took control after the opening.   Weighted Error Value: White=1.04/Black=0.03 (flawless)} 0-1

[Event "Bangabandhu Premier Div League 2022"]
[Site "Dhaka"]
[Date "2022.12.05"]
[Round "6.3"]
[White "Harsha Bharathakoti"]
[Black "Rakhmanov, Aleksandr"]
[Result "1/2-1/2"]
[ECO "D31"]
[WhiteElo "2582"]
[BlackElo "2630"]
[Annotator "TA"]
[PlyCount "60"]
[EventDate "2022.12.01"]
[EventCountry "BAN"]
[SourceTitle "playchess.com"]
[Source "ChessBase"]
[SourceQuality "1"]
[TimeControl "40/5400+30:1800+30"]

1. d4 d5 2. c4 e6 3. Nc3 a6 4. cxd5 exd5 5. Bf4 Nf6 6. e3 {[%emt 0:00:00] D31: Queen's Gambit Declined: Semi-Slav without ...Nf6 (+ Marshall Gambit and Noteboom) and Exchange Variation lines without ...Nf6.} Bd6 7. Bg5 Be6 8. Bd3 Nbd7 9. f4 $1 {[%mdl 4] [#] Black must now prevent f5. is more profitable than 9.Nge2 at the moment.} h6 {[%emt 0:01:00] Inhibits f5.} 10. Bh4 g5 {[%emt 0:00:30] Prevents f5.} 11. fxg5 hxg5 12. Bxg5 Bxh2 {[%emt 0:00:00] [#] aiming for ...Bg3+.} 13. Kd2 Rg8 $1 {...Bxg1 is the strong threat. The position is equal.} 14. Rxh2 {[%emt 0:01:00] Threatens to win with Nf3.} Rxg5 {[#]} 15. Rh8+ $146 ({Predecessor:} 15. Qf3 Rg8 16. Nge2 Qe7 17. Nf4 c6 18. Re1 O-O-O 19. Kc1 Kb8 20. Rh6 Ng4 21. Rh7 {½-½ (62) Plat,V (2546)-Galyas,M (2450) Budapest 2022}) 15... Rg8 16. Rxg8+ Nxg8 17. Qh5 Ngf6 (17... c6 {simplifies} 18. Nge2 Qe7 19. Rc1 Nb6) 18. Qh8+ Ke7 19. Qxd8+ (19. Qh2 {seems wilder.} c6 20. Nge2 Qh8 21. Qf4) 19... Rxd8 20. Nge2 a5 21. a3 $1 Ra8 22. Nf4 c6 23. Rh1 Rg8 24. Ke2 Bg4+ 25. Kd2 Be6 26. Ke2 Bg4+ 27. Kd2 Be6 28. Ke2 Bg4+ 29. Kd2 Be6 30. Ke2 Bg4+ {[%emt 0:00:00] Weighted Error Value: White=0.04 (flawless) /Black=0.06 (flawless)} 1/2-1/2